General information
- name: BNet
- type: Ladder team game (AT/RT)
- host: Battle.net
- saver: butter15
map: Dragonblight
- players: 6
- length: 18:57
- speed: Fast
- version: 1.28 W3XP
- replay type:

» download(195 KB)
Players
team 1 (winner)
butter15 (
purple | 124 APM | 2346 actions | 18:57)
3 Warden
2 Shadow Strike
1 Blink
» actions
| Assign group hotkey | 5 | |
| Basic commands | 11 | |
| Build / train | 55 | |
| Enter build submenu | 14 | |
| Enter hero's abilities submenu | 3 | |
| Give item / drop item | 4 | |
| Remove unit from queue | 6 | |
| Right click | 1779 | |
| Select / deselect | 268 | |
| Select group hotkey | 105 | |
| Use ability | 96 | |
2346 total
» units
» upgrades
| Nature's Blessing | 1 | |
| Ultravision | 1 | |
2 total
» buildings
| Altar of Elders | 1 | |
| Moon Well | 6 | |
| Tree of Ages | 1 | |
| Hunter's Hall | 1 | |
| Tree of Life | 1 | |
10 total
» build order
00:07 Altar of Elders
00:20 Moon Well
01:18 Moon Well
05:01 Tree of Ages
06:48 Hunter's Hall
06:52 Moon Well
06:53 Moon Well
09:42 Moon Well
09:43 Moon Well
13:50 Tree of Life
» items
| Healing Salve | 3 | |
| Lesser Clarity Potion | 2 | |
| Orb of Lightning | 1 | |
| Boots of Speed | 1 | |
| Staff of Teleportation | 1 | |
8 total
iggy_the_fisk (
yellow | 127 APM | 2402 actions | 18:56)
4 Archmage
2 Blizzard
2 Brilliance Aura
3 Blood Mage
2 Flame Strike
1 Siphon Mana
2 Pit Lord
1 Rain of Fire
1 Cleaving Attack
» actions
| Assign group hotkey | 298 | |
| Basic commands | 32 | |
| Build / train | 93 | |
| Enter build submenu | 87 | |
| Enter hero's abilities submenu | 9 | |
| Give item / drop item | 3 | |
| Remove unit from queue | 1 | |
| Right click | 789 | |
| Select / deselect | 297 | |
| Select group hotkey | 559 | |
| Use ability | 234 | |
2402 total
» units
» upgrades
| Masonry | 2 | |
| Lumber Harvesting | 2 | |
| Magic Sentry | 1 | |
5 total
» buildings
| Altar of Kings | 1 | |
| Farm | 3 | |
| Lumber Mill | 1 | |
| Scout Tower | 113 | |
| Arcane Tower | 9 | |
| Guard Tower | 38 | |
| Keep | 1 | |
| Town Hall | 1 | |
| Arcane Sanctum | 1 | |
| Castle | 1 | |
| Arcane Vault | 5 | |
174 total
» build order
00:04 Altar of Kings
00:19 Farm
00:37 Lumber Mill
01:15 Scout Tower
01:28 Farm
01:34 Scout Tower
01:39 Scout Tower
01:45 Arcane Tower
01:46 Scout Tower
02:03 Scout Tower
02:04 Arcane Tower
02:05 Arcane Tower
02:07 Scout Tower
02:15 Scout Tower
02:18 Guard Tower
02:22 Scout Tower
02:31 Guard Tower
02:35 Scout Tower
02:35 Guard Tower
02:38 Scout Tower
02:49 Scout Tower
02:55 Scout Tower
03:26 Scout Tower
03:27 Guard Tower
03:33 Scout Tower
03:35 Scout Tower
03:36 Scout Tower
03:37 Guard Tower
03:39 Scout Tower
03:40 Guard Tower
04:29 Guard Tower
04:30 Scout Tower
04:31 Scout Tower
04:41 Scout Tower
04:43 Guard Tower
04:45 Scout Tower
04:57 Guard Tower
05:00 Scout Tower
05:13 Keep
05:19 Scout Tower
05:22 Scout Tower
05:35 Guard Tower
06:11 Scout Tower
06:11 Scout Tower
06:14 Scout Tower
06:15 Scout Tower
06:16 Scout Tower
06:17 Scout Tower
06:23 Arcane Tower
06:27 Scout Tower
06:28 Scout Tower
06:30 Guard Tower
06:33 Scout Tower
06:34 Scout Tower
06:52 Town Hall
07:03 Farm
07:06 Scout Tower
07:20 Guard Tower
07:23 Scout Tower
07:23 Scout Tower
07:42 Arcane Tower
08:00 Guard Tower
08:04 Scout Tower
08:04 Scout Tower
08:18 Guard Tower
08:27 Guard Tower
08:32 Scout Tower
08:53 Arcane Sanctum
08:56 Arcane Tower
08:57 Guard Tower
09:01 Scout Tower
09:02 Scout Tower
09:04 Scout Tower
09:05 Scout Tower
09:11 Guard Tower
09:13 Scout Tower
09:14 Scout Tower
09:15 Scout Tower
09:53 Guard Tower
09:56 Scout Tower
09:58 Scout Tower
09:58 Scout Tower
10:10 Guard Tower
10:11 Guard Tower
10:30 Castle
10:32 Arcane Tower
10:33 Guard Tower
10:38 Guard Tower
10:41 Scout Tower
10:41 Scout Tower
11:01 Guard Tower
11:03 Scout Tower
11:06 Scout Tower
11:07 Scout Tower
11:07 Scout Tower
11:14 Scout Tower
11:15 Scout Tower
11:16 Scout Tower
11:18 Scout Tower
11:20 Scout Tower
11:20 Scout Tower
11:21 Scout Tower
11:22 Scout Tower
11:22 Scout Tower
11:24 Scout Tower
11:25 Scout Tower
11:26 Scout Tower
11:28 Scout Tower
11:30 Scout Tower
11:31 Scout Tower
11:32 Scout Tower
11:41 Guard Tower
11:43 Scout Tower
11:44 Scout Tower
12:37 Guard Tower
12:39 Scout Tower
12:40 Scout Tower
12:43 Scout Tower
12:44 Scout Tower
12:49 Scout Tower
12:50 Scout Tower
12:52 Scout Tower
12:55 Arcane Tower
12:56 Guard Tower
13:00 Arcane Tower
13:02 Guard Tower
13:19 Scout Tower
13:21 Scout Tower
13:22 Scout Tower
13:24 Guard Tower
13:27 Scout Tower
13:29 Scout Tower
13:30 Guard Tower
13:47 Arcane Vault
13:48 Arcane Vault
13:49 Arcane Vault
14:02 Scout Tower
14:42 Guard Tower
14:44 Scout Tower
14:46 Guard Tower
14:54 Guard Tower
15:07 Scout Tower
15:10 Scout Tower
15:31 Guard Tower
15:49 Arcane Vault
15:51 Guard Tower
15:56 Scout Tower
15:56 Scout Tower
16:00 Scout Tower
16:01 Scout Tower
16:01 Scout Tower
16:03 Scout Tower
16:04 Scout Tower
16:05 Scout Tower
16:09 Scout Tower
16:10 Scout Tower
16:11 Scout Tower
16:12 Scout Tower
16:15 Scout Tower
16:17 Scout Tower
16:19 Scout Tower
16:20 Scout Tower
16:22 Guard Tower
16:26 Guard Tower
17:37 Guard Tower
17:46 Scout Tower
17:52 Scout Tower
17:53 Scout Tower
18:38 Arcane Vault
18:40 Scout Tower
18:44 Scout Tower
18:45 Scout Tower
18:45 Scout Tower
18:47 Guard Tower
» items
| Staff of Teleportation | 2 | |
| Boots of Speed | 2 | |
| Healing Salve | 1 | |
| Periapt of Vitality | 1 | |
| Orb of Lightning | 1 | |
| Staff of Sanctuary | 1 | |
| Scroll of Town Portal | 1 | |
9 total
towersatnoon (
orange | 93 APM | 1763 actions | 18:56)
4 Blademaster
2 Wind Walk
2 Critical Strike
» actions
| Assign group hotkey | 18 | |
| Basic commands | 10 | |
| Build / train | 42 | |
| ESC pressed | 2 | |
| Enter build submenu | 36 | |
| Enter hero's abilities submenu | 4 | |
| Give item / drop item | 6 | |
| Right click | 989 | |
| Select / deselect | 160 | |
| Select group hotkey | 382 | |
| Use ability | 114 | |
1763 total
» units
» upgrades
| Spiked Barricades | 1 | |
| Liquid Fire | 1 | |
| Reinforced Defenses | 1 | |
| Ranged Weapons | 1 | |
4 total
» buildings
| Altar of Storms | 1 | |
| Orc Burrow | 4 | |
| War Mill | 1 | |
| Voodoo Lounge | 2 | |
| Watch Tower | 25 | |
| Stronghold | 1 | |
| Fortress | 1 | |
| Beastiary | 3 | |
38 total
» build order
00:26 Altar of Storms
00:28 Orc Burrow
00:35 War Mill
01:55 Voodoo Lounge
02:02 Voodoo Lounge
02:43 Orc Burrow
03:08 Watch Tower
03:32 Stronghold
03:43 Watch Tower
04:18 Watch Tower
04:51 Watch Tower
06:09 Fortress
06:11 Beastiary
06:11 Beastiary
06:35 Watch Tower
06:39 Watch Tower
06:42 Orc Burrow
06:42 Orc Burrow
07:36 Watch Tower
07:40 Watch Tower
08:03 Watch Tower
09:16 Watch Tower
10:26 Watch Tower
11:46 Watch Tower
12:16 Watch Tower
12:51 Watch Tower
13:55 Watch Tower
14:06 Watch Tower
15:01 Watch Tower
15:49 Watch Tower
16:02 Watch Tower
16:07 Watch Tower
16:17 Watch Tower
17:12 Watch Tower
17:55 Beastiary
18:35 Watch Tower
18:41 Watch Tower
18:42 Watch Tower
» items
| Healing Salve | 2 | |
| Lesser Clarity Potion | 3 | |
| Scroll of Speed | 1 | |
| Orb of Lightning | 1 | |
| Boots of Speed | 1 | |
8 total
team 2 (loser)
Karsa_Orlong (
green | 69 APM | 1308 actions | 18:50)
4 Death Knight
2 Death Coil
2 Unholy Aura
2 Lich
1 Frost Nova
1 Frost Armor
» actions
| Assign group hotkey | 57 | |
| Basic commands | 46 | |
| Build / train | 56 | |
| Enter build submenu | 23 | |
| Enter hero's abilities submenu | 6 | |
| Give item / drop item | 3 | |
| Remove unit from queue | 1 | |
| Right click | 601 | |
| Select / deselect | 172 | |
| Select group hotkey | 295 | |
| Use ability | 48 | |
1308 total
» units
| Acolyte | 14 | |
| Ghoul | 4 | |
| Crypt Fiend | 7 | |
| Frost Wyrm | 2 | |
27 total
» upgrades
| Web | 1 | |
| Creature Attack | 1 | |
| Creature Carapace | 2 | |
| Unholy Armor | 0 | |
4 total
» buildings
| Crypt | 1 | |
| Graveyard | 1 | |
| Altar of Darkness | 1 | |
| Ziggurat | 9 | |
| Tomb of Relics | 1 | |
| Halls of the Dead | 1 | |
| Black Citadel | 1 | |
| Sacrificial Pit | 1 | |
| Spirit Tower | 7 | |
| Boneyard | 2 | |
| Necropolis | 1 | |
26 total
» build order
00:11 Crypt
00:20 Graveyard
00:42 Altar of Darkness
00:59 Ziggurat
01:30 Tomb of Relics
02:02 Ziggurat
04:06 Halls of the Dead
04:34 Ziggurat
05:03 Ziggurat
06:42 Black Citadel
06:48 Sacrificial Pit
07:46 Ziggurat
08:34 Spirit Tower
08:35 Spirit Tower
08:37 Spirit Tower
08:39 Spirit Tower
09:09 Boneyard
09:34 Boneyard
10:23 Spirit Tower
10:25 Ziggurat
12:43 Necropolis
13:29 Ziggurat
15:02 Spirit Tower
16:09 Ziggurat
16:10 Ziggurat
17:19 Spirit Tower
» items
| Rod of Necromancy | 2 | |
| Dust of Appearance | 1 | |
| Orb of Corruption | 1 | |
| Scroll of Town Portal | 1 | |
| Potion of Healing | 1 | |
6 total
Looz (
blue | 79 APM | 1502 actions | 18:55)
4 Blademaster
2 Wind Walk
2 Critical Strike
» actions
| Assign group hotkey | 28 | |
| Basic commands | 5 | |
| Build / train | 46 | |
| ESC pressed | 2 | |
| Enter build submenu | 19 | |
| Enter hero's abilities submenu | 4 | |
| Remove unit from queue | 2 | |
| Right click | 851 | |
| Select / deselect | 201 | |
| Select group hotkey | 285 | |
| Use ability | 59 | |
1502 total
» units
| Peon | 7 | |
| Grunt | 4 | |
| Raider | 2 | |
| Troll Batrider | 8 | |
| Demolisher | 1 | |
| Goblin Zeppelin | 1 | |
23 total
» upgrades
» buildings
| Altar of Storms | 1 | |
| Orc Burrow | 7 | |
| Barracks | 1 | |
| Voodoo Lounge | 1 | |
| Stronghold | 1 | |
| War Mill | 1 | |
| Beastiary | 2 | |
| Fortress | 1 | |
| Watch Tower | 4 | |
| Great Hall | 1 | |
20 total
» build order
00:07 Altar of Storms
00:15 Orc Burrow
00:18 Orc Burrow
00:47 Barracks
01:31 Orc Burrow
02:18 Voodoo Lounge
02:54 Stronghold
03:47 Orc Burrow
04:22 War Mill
05:02 Orc Burrow
05:20 Beastiary
05:36 Beastiary
06:29 Fortress
10:14 Watch Tower
10:24 Watch Tower
11:09 Orc Burrow
11:25 Orc Burrow
13:35 Watch Tower
13:36 Watch Tower
15:09 Great Hall
» items
| Healing Salve | 3 | |
| Lesser Clarity Potion | 4 | |
| Scroll of Speed | 1 | |
| Boots of Speed | 1 | |
| Potion of Healing | 1 | |
| Orb of Lightning | 1 | |
11 total
Morrok (
pink | 50 APM | 931 actions | 18:42)
3 Paladin
2 Holy Light
1 Devotion Aura
2 Mountain King
1 Storm Bolt
1 Thunder Clap
» actions
| Assign group hotkey | 19 | |
| Basic commands | 8 | |
| Build / train | 59 | |
| Enter build submenu | 13 | |
| Enter hero's abilities submenu | 5 | |
| Remove unit from queue | 4 | |
| Right click | 339 | |
| Select / deselect | 217 | |
| Select group hotkey | 229 | |
| Use ability | 38 | |
931 total
» units
| Peasant | 8 | |
| Footman | 6 | |
| Flying Machine | 1 | |
| Mortar Team | 12 | |
| Siege Engine | 8 | |
35 total
» upgrades
| Barrage | 1 | |
| Gunpowder | 2 | |
| Masonry | 1 | |
| Fragmentation Shards | 1 | |
| Flare | 1 | |
6 total
» buildings
| Farm | 9 | |
| Altar of Kings | 1 | |
| Barracks | 1 | |
| Arcane Vault | 1 | |
| Lumber Mill | 1 | |
| Keep | 1 | |
| Blacksmith | 1 | |
| Castle | 1 | |
| Workshop | 2 | |
18 total
» build order
00:06 Farm
00:12 Altar of Kings
00:19 Barracks
00:39 Farm
01:42 Farm
02:10 Arcane Vault
02:50 Lumber Mill
03:33 Keep
04:03 Blacksmith
04:27 Farm
04:28 Farm
06:25 Castle
06:29 Workshop
07:10 Workshop
08:30 Farm
08:30 Farm
09:55 Farm
09:55 Farm
» items
| Lesser Clarity Potion | 2 | |
| Scroll of Regeneration | 2 | |
| Scroll of Town Portal | 1 | |
5 total
Chat log
(00:17 / All) iggy_the_fisk: hey
(00:22 / All) iggy_the_fisk: he upset he had to make the drive
(00:26 / All) Morrok: u could ask us a pizza too
(00:29 / All) Morrok: ;p
(00:37 / All) butter15: what kind?
(17:12 / All) iggy_the_fisk: bad drop blue
(17:18 / All) Looz: boring game
(18:46 / All) Karsa_Orlong: gg nice strat
(18:49 / All) butter15: thx
(18:51 / All) iggy_the_fisk: GG nice try
(18:52 / All) Looz: waste of time
(18:53 / All) towersatnoon: seeya baba bitch
(18:54 / All) iggy_the_fisk: try harder next time